AoeStats
← lotrjoey

Lombardia

508938534Analyzed
4v4 RM · 9d ago on Sep 24, 2026· 70m 17s· 8 players
Game mode
Random Map
Map size
Large (8 player)
Population
200
Speed
Normal
Resources
Standard
Victory
Conquest
Starting age
Dark Age
Ending age
Imperial Age
RankedLock teamsTeams togetherTeam positionsShared explorationLock speedFull tech treeHidden civsTurbo modeCheats
Victory
Defeat
🇪🇸 Varangians · Spain
1171
+14
🇪🇸 Britons · Spain
1119
+16
🇺🇸 Romans · United States
1081
+17
🇸🇦 Japanese · Saudi Arabia
1069
+18
🇦🇷 Byzantines · Argentina
1170
-19
🇧🇪 Berbers · Belgium
1151
-18
🇩🇪 Turks · Germany
1096
-15
🇦🇷 Khitans · Argentina
1042
-13
Fedex087
7:24 Loom
11:04 Feudal Age
17:11 Castle Age
17:09 Horse Collar
18:41 Wheelbarrow
18:47 Double-Bit Axe
25:58 Forging
26:48 Scale Barding Armor
30:47 Imperial Age
29:23 Chain Barding Armor
28:30 Crossbowman
30:07 Thumb Ring
31:55 Conscription
33:18 Bow Saw
33:07 Fletching
34:49 Plate Barding Armor
36:05 Hand Cart
36:23 Husbandry
36:40 Gold Mining
38:40 Logistica
40:57 Iron Casting
41:39 Two-Man Saw
40:17 Elite Skirmisher
41:12 Scale Mail Armor
41:07 Bodkin Arrow
41:13 Padded Archer Armor
42:58 Elite Cataphract
45:01 Leather Archer Armor
46:03 Elite Genitour
47:56 Ring Archer Armor
47:27 Bracer
49:06 Bracer
49:22 Chain Mail Armor
59:39 Light Cavalry
60:44 Hussar
64:04 Plate Mail Armor
Sir Swinag
10:02 Feudal Age
12:31 Horse Collar
19:16 Castle Age
18:14 Double-Bit Axe
21:04 Bow Saw
23:51 Heavy Plow
30:09 Scale Barding Armor
34:10 Imperial Age
32:39 Gold Mining
32:40 Stone Mining
35:35 Gold Shaft Mining
35:46 Wheelbarrow
34:57 Town Watch
34:58 Loom
36:15 Two-Man Saw
36:45 Conscription
37:54 Bloodlines
37:45 Husbandry
40:51 Chain Barding Armor
43:47 Plate Barding Armor
43:54 Artillery
43:58 Padded Archer Armor
44:09 Forging
43:47 Elite Janissary
45:46 Leather Archer Armor
Zayo Marley
11:19 Feudal Age
12:11 Double-Bit Axe
16:00 Castle Age
15:42 Forging
16:33 Pikeman
22:57 Wheelbarrow
22:08 Loom
22:09 Town Watch
22:30 Gold Mining
23:05 Horse Collar
23:40 Squires
25:03 Bow Saw
25:45 Scale Barding Armor
26:16 Iron Casting
25:50 Husbandry
26:45 Bloodlines
30:19 Chain Barding Armor
31:47 Hand Cart
32:54 Gold Shaft Mining
32:10 Stone Mining
32:35 Heavy Plow
36:31 Imperial Age
34:07 Fletching
34:18 Padded Archer Armor
35:04 Bodkin Arrow
35:28 Heated Shot
35:55 Leather Archer Armor
35:36 Elite Skirmisher
36:22 Thumb Ring
37:12 Heavy Camel Rider
40:18 Conscription
40:35 Bracer
41:55 Light Cavalry
51:33 Blast Furnace
52:56 Ballistics
53:50 Chemistry
54:31 Ring Archer Armor
53:27 Hussar
54:58 Crop Rotation
56:35 Plate Barding Armor
57:58 Caravan
Mauribruno
12:17 Feudal Age
17:43 Castle Age
15:29 Loom
15:37 Double-Bit Axe
20:29 Domestication
25:07 Bow Saw
25:59 Scale Mail Armor
27:49 Forging
29:11 Wheelbarrow
29:09 Pastoralism
29:36 Caravan
29:42 Gold Mining
31:32 Padded Archer Armor
31:22 Fletching
31:38 Scale Barding Armor
35:38 Imperial Age
34:21 Chain Barding Armor
34:27 Hand Cart
36:29 Husbandry
35:52 Heavy Cavalry Archer
36:57 Parthian Tactics
38:47 Parthian Tactics
39:14 Plate Barding Armor
40:06 Bodkin Arrow
40:26 Leather Archer Armor
41:47 Two-Man Saw
41:46 Bracer
42:17 Ring Archer Armor
43:26 Chemistry
42:47 Ballistics
43:34 Coinage
43:16 Elite Genitour
45:03 Banking
46:00 Conscription
45:53 Ordo Cavalry
53:06 Fortified Wall
53:01 Siege Engineers
57:44 Guilds
58:06 Transhumance
59:12 Capped Ram
60:19 Siege Ram
lotrjoey
5:14 Loom
11:09 Feudal Age
13:29 Double-Bit Axe
18:35 Castle Age
16:24 Horse Collar
23:31 Bow Saw
24:22 Wheelbarrow
24:56 Ballistics
24:36 Stone Mining
24:38 Gold Mining
25:01 Scale Mail Armor
25:56 Chain Mail Armor
25:46 Squires
26:28 Man-at-Arms
27:54 Forging
29:04 Long Swordsman
35:09 Imperial Age
33:01 Heavy Plow
35:05 Town Watch
35:38 Hand Cart
36:12 Legionary
38:27 Ballistas
40:35 Chemistry
40:44 Iron Casting
41:48 Pikeman
44:22 Blast Furnace
46:27 Halberdier
49:38 Siege Engineers
56:43 Masonry
69:48 Heavy Scorpion
Harpy Eagle
1:30 Loom
10:44 Feudal Age
15:41 Castle Age
14:03 Double-Bit Axe
14:53 Stone Mining
15:07 Horse Collar
18:06 Wheelbarrow
18:20 Gold Mining
21:30 Bow Saw
22:59 Heavy Plow
24:02 Scale Mail Armor
24:13 Forging
25:20 Chain Mail Armor
24:58 Town Watch
27:58 Hand Cart
28:48 Gold Shaft Mining
31:52 Squires
31:37 Arson
31:13 Pikeman
31:47 Fletching
33:17 Caravan
36:27 Imperial Age
34:24 Murder Holes
34:50 Town Patrol
34:48 Treadmill Crane
35:50 Ballistics
36:24 Yasama
36:17 Guard Tower
38:11 Two-Man Saw
36:51 Halberdier
38:41 Plate Mail Armor
40:23 Iron Casting
40:14 Conscription
42:36 Blast Furnace
42:46 Chemistry
43:30 Keep
43:54 Bodkin Arrow
43:59 Padded Archer Armor
44:56 Siege Engineers
44:30 Elite Skirmisher
45:18 Thumb Ring
45:17 Bracer
45:33 Leather Archer Armor
47:36 Kataparuto
46:38 Elite Samurai
56:46 Fortified Wall
56:47 Masonry
57:09 Ring Archer Armor
58:03 Scale Barding Armor
59:46 Light Cavalry
60:37 Bloodlines
60:28 Husbandry
61:24 Chain Barding Armor
BERTUS
9:59 Feudal Age
8:28 Loom
14:25 Castle Age
18:38 Horse Collar
18:52 Double-Bit Axe
20:28 Wheelbarrow
29:45 Imperial Age
28:19 Fletching
28:29 Padded Archer Armor
29:07 Bodkin Arrow
30:15 Hand Cart
30:10 Town Watch
30:17 Gold Mining
30:39 Bow Saw
30:33 Heavy Plow
31:16 Yeomen
31:21 Conscription
32:47 Bracer
33:04 Leather Archer Armor
34:05 Ballistics
34:46 Chemistry
34:48 Gold Shaft Mining
34:07 Elite Longbowman
35:58 Ring Archer Armor
35:34 Squires
36:54 Capped Ram
39:20 Murder Holes
39:35 Masonry
39:33 Siege Engineers
41:04 Hoardings
42:53 Guilds
43:14 Coinage
42:44 Caravan
44:47 Two-Man Saw
43:39 Stone Mining
44:22 Architecture
44:03 Fortified Wall
44:25 Architecture
43:38 Treadmill Crane
45:54 Town Patrol
52:02 Heavy Scorpion
55:32 Warwolf
Tadeo02
5:41 Loom
11:04 Feudal Age
16:10 Castle Age
14:31 Forging
21:43 Double-Bit Axe
22:55 Horse Collar
23:22 Squires
24:04 Scale Mail Armor
23:53 Arson
25:43 Iron Casting
26:17 Heavy Plow
26:57 Bloodlines
26:47 Husbandry
28:15 Scale Barding Armor
28:29 Stone Mining
29:58 Gold Mining
30:30 Chain Barding Armor
31:17 Bow Saw
32:52 Wheelbarrow
36:20 Imperial Age
34:49 Hand Cart
34:44 Vendel Legacy
36:24 Cavalier
38:06 Blast Furnace
37:41 Plate Barding Armor
36:52 Pikeman
38:20 Chain Mail Armor
37:32 Elite Varangian Guard
39:10 Conscription
39:38 Gothikon
41:55 Plate Mail Armor
48:06 Crop Rotation
47:23 Town Watch
54:00 Caravan
57:15 Town Patrol
61:33 Two-Man Saw
61:17 Siege Engineers
61:25 Masonry
62:13 Treadmill Crane
Connection lost

Rejoining the realm…

Still unreachable

The connection could not be restored.

Session expired

The server has moved on; the page needs a fresh start.